 Dungeon Sprint DCSS version 0.22-a0-525-gf69a080 (webtiles) character file.

0 varam the Sneak (level 1, -13/15 HPs)
             Began as a Naga Fire Elementalist on June 20, 2018.
             Was an Initiate of Cheibriados.
             Mangled by a large abomination (28 damage)
             ... in the Dungeon (Sprint V: "Ziggurat Sprint").
             The game lasted 00:03:46 (171 turns).

varam the Sneak (Naga Fire Elementalist)             Turns: 171, Time: 00:03:47

Health: -13/15     AC:  9    Str: 11    XL:     1   Next: 0%
Magic:  3/3        EV:  5    Int: 28    God:    Cheibriados [......]
Gold:   0          SH:  6    Dex: 12    Spells: 3/4 levels left

rFire    + + .     SeeInvis +   G - +5 broad axe
rCold    x . .     Gourm    .   D - +3 buckler
rNeg     . . .     Faith    .   B - +5 fire dragon scales
rPois    +         Spirit   .   (no helmet)
rElec    .         Reflect  .   (no cloak)
rCorr    .         Harm     .   (no gloves)
MR       .....     NoTele   +   (no barding)
Stlth    +.........             (no amulet)
HPRegen  0.05/turn              J - +6 ring of intelligence
MPRegen  0.08/turn              K - +6 ring of intelligence

@: very slow
A: large, see invisible, deformed body, poison resistance, slowness 2, slow
metabolism 1, spit poison 1, AC +0
a: Spit Poison, Bend Time, Renounce Religion


You were in the Dungeon.
You worshipped Cheibriados.
Cheibriados was noncommittal.
You were not hungry.

You visited 1 branch

Inventory:

Hand Weapons
 j - the +8 lance "Wyrmbane" {slay drac, rPois rF+ rC+ AC+3}
   (You found it in the Dungeon)

   It affects your AC (+3).
   It protects you from fire.
   It protects you from cold.
   It protects you from poison.
 G - a +5 broad axe (weapon)
 O - the +6 Majin-Bo {vamp, Archmagi MP+6 Int+6}
   (You found it in the Dungeon)

   It inflicts no extra harm, but heals its wielder when it wounds a living foe.
   It affects your intelligence (+6).
   It affects your magic capacity (+6).
Armour
 a - a +0 robe
 A - a +5 crystal plate armour
 B - +5 fire dragon scales (worn)
 C - +5 gold dragon scales
 D - a +3 buckler (worn)
 E - a +3 large shield
 F - a +3 shield
 P - the +18 shield of the Gong {rElec rN+ MR+ EV-5}
   (You found it in the Dungeon)

   It affects your evasion (-5).
   It insulates you from electricity.
   It protects you from negative energy.
   It affects your resistance to hostile enchantments.
Magical Staves
 M - an uncursed staff of energy
Jewellery
 b - a +6 ring of strength
 v - a +6 ring of strength
 H - a +6 ring of dexterity
 I - a +6 ring of dexterity
 J - a +6 ring of intelligence (left hand)
 K - a +6 ring of intelligence (right hand)
Wands
 k - a wand of iceblast (7)
 l - a wand of acid (5)
 L - a wand of disintegration (7)
Scrolls
 r - 5 scrolls of identify
 t - 7 scrolls of fog
 u - a scroll of holy word
 w - 5 scrolls of remove curse
 x - 2 scrolls of fear
 y - 4 scrolls of amnesia
 z - 4 scrolls of blinking
Potions
 c - 10 potions of heal wounds
 d - 5 potions of might
 f - 3 potions of berserk rage
 g - 7 potions of magic
 h - 6 potions of haste
 m - 2 potions of brilliance
 n - 4 potions of resistance
 o - 2 potions of invisibility
 p - a potion of experience
 q - 10 potions of curing
 s - 5 potions of agility
Miscellaneous
 i - a lightning rod (4/4)
 N - a crystal ball of energy
Comestibles
 e - 7 rations


   Skills:
 + Level 0.0 Fighting
 - Level 1.5 Dodging
 - Level 3.0 Stealth
 - Level 2.0 Spellcasting
 + Level 1.0 Conjurations
 + Level 3.0 Fire Magic


You had 3 spell levels left.
You knew the following spells:

 Your Spells              Type           Power        Failure   Level  Hunger
a - Flame Tongue          Conj/Fire      ##...        52%         1    None

Your spell library contained the following spells:

 Spells                   Type           Power        Failure   Level  Hunger
 Fireball                 Conj/Fire      ##........   100%        5    ######.
 Conjure Flame            Conj/Fire      ##......     88%         3    ###....
 Throw Flame              Conj/Fire      ##....       67%         2    ##.....
 Sticky Flame             Conj/Fire      ##......     99%         4    ####...
 Inner Flame              Hex/Fire       ##......     92%         3    ###....


Dungeon Overview and Level Annotations

Branches:
Dungeon (1/1)

Altars:
Ashenzari
Cheibriados
Dithmenos
Elyvilon
Fedhas
Gozag
Hepliaklqana
Kikubaaqudgha
Makhleb
Nemelex Xobeh
Okawaru
Qazlal
Ru
Sif Muna
Trog
Uskayaw
Vehumet
Wu Jian
Xom
Yredelemnul
Zin
The Shining One
Beogh
Jiyva
Lugonu

Annotations:
D 1 transporter


Innate Abilities, Weirdness & Mutations

You cannot wear boots.
Your serpentine skin is tough. (AC +0)
You have supernaturally acute eyesight. (SInv)
Armour fits poorly on your strangely shaped body.
Your system is resistant to poisons. (rPois)
You cover ground very slowly.
You have a slow metabolism.
You can spit poison.


Message History

Firing (i - inventory) No suitable missiles.
Press: ? - help, Shift-Dir - straight line, f - large abomination
Aim: a large abomination
Okay, then.
Evoke which item? (* to show all) (? for menu, Esc to quit)
Aiming: Corrosive Bolt
Press: ? - help, Shift-Dir - straight line, f - large abomination
Aim: a large abomination The bolt of acid hits the large abomination.
The large abomination is splashed with acid.
The acid corrodes the large abomination!
The large abomination is moderately damaged.
Evoke which item? (* to show all) (? for menu, Esc to quit)
Aiming: Corrosive Bolt
Press: ? - help, Shift-Dir - straight line, f - hellwing, p - large abomination
Aim: a hellwing The bolt of acid hits the hellwing.
The hellwing appears unharmed.
The large abomination hits you!!
Ouch! That really hurt!
You die...

▓▓▓▓▓▓▓
▓.8©8.▓
▓.....▓
▓.}.}.▓
▓.....▓
▓..X4.▓
▓..@..▓
▓▓▓▓▓▓▓


You could see a large abomination and a hellwing.

Vanquished Creatures (others)
  An acid blob (D)
  Psyche (D)
2 creatures vanquished.

Notes
Turn   | Place    | Note
-------+----------+-------------------------------------------
     0 | D        | Found the +6 Majin-Bo {vamp, Archmagi MP+6 Int+6}
     0 | D        | Found the +7 great mace "Firestarter" {inner flame, rF++}
     0 | D        | varam the Naga Fire Elementalist began the quest for the Orb.
     0 | D        | Reached XP level 1. HP: 15/15 MP: 3/3
     0 | D        | Found a bloodstained altar of Trog.
     0 | D        | Found a deep blue altar of Sif Muna.
     0 | D        | Found a sacrificial altar of Ru.
     0 | D        | Found a stormy altar of Qazlal.
     0 | D        | Found an iron altar of Okawaru.
     6 | D        | Found a sparkling altar of Nemelex Xobeh.
     7 | D        | Found a burning altar of Makhleb.
     7 | D        | Found a corrupted altar of Lugonu.
     7 | D        | Found an ancient bone altar of Kikubaaqudgha.
     7 | D        | Found a transporter.
     7 | D        | Found a viscous altar of Jiyva.
    11 | D        | Found a hazy altar of Hepliaklqana.
    13 | D        | Found an opulent altar of Gozag.
    14 | D        | Found a blossoming altar of Fedhas.
    24 | D        | Became a worshipper of Cheibriados the Contemplative
    46 | D        | Found the +9 heavy crossbow "Sniper" {velocity, Acc+∞ SInv}
    46 | D        | Found the +10 dark maul {crush}
    46 | D        | Found the +15 Maxwell's patent armour {-Cast -Tele rElec MR+ rCorr}
    46 | D        | Found the +18 shield of the Gong {rElec rN+ MR+ EV-5}
    46 | D        | Found the cursed +14 obsidian axe {chop, +Fly SInv *Curse}
    47 | D        | Found the +6 shillelagh "Devastator" {shatter}
    47 | D        | Found the +11 plutonium sword {*Contam Stlth-}
    47 | D        | Found the +8 lance "Wyrmbane" {slay drac, rPois rF+ rC+ AC+3}
    47 | D        | Found the +9 sword of Zonguldrok {reap}
    47 | D        | Found the cursed +13 scythe of Curses {drain, *Curse}
    47 | D        | Found the +0 sword of Power
    47 | D        | Found the +1 mace of Variability {chaos}
    47 | D        | Found the +7 Singing Sword
    47 | D        | Found the +7 longbow "Piercer" {penet, EV-2}
    75 | D        | Killed Psyche
   130 | D        | Killed an acid blob
   169 | D        | Entered arena 2.
   169 | D        | Noticed a large abomination
   169 | D        | Noticed a hellwing
   169 | D        | Found a transporter.
   171 | D        | Mangled by a large abomination

Vault maps used:
D:        sprint_v

Action                   || total
-------------------------++-------
Evoke: Wand              ||     2

Table legend:
 A = Spawn XP
 B = Non-spawn XP
 C = Spawn XP percentage of total XP
 D = Spawn monster count
 E = Non-spawn monster count
 F = Spawn count percentage of total count
 G = Total turns spent on level
                    A         B        C        D         E        F      G
               +---------+---------+-------+---------+---------+-------+---------
         Total |       0 |       0 |   N/A |       0 |       0 |   N/A |   171
               +---------+---------+-------+---------+---------+-------+---------
               +---------+---------+-------+---------+---------+-------+---------
